 Dungeon Crawl Stone Soup version 0.28.0-45-g0d030f2227 (webtiles) character file.

Game seed: 6265934080789880177

20641 101zpm the Thaumaturge (level 13, -9/81 HPs)
             Began as a Djinni Ice Elementalist on Apr 15, 2022.
             Mangled by a vault guard
             ... wielding a +0 battleaxe
              (13 damage)
             ... on level 12 of the Dungeon.
             The game lasted 01:53:29 (28211 turns).

101zpm the Thaumaturge (Djinni Ice Elementalist)   Turns: 28211, Time: 01:53:30

Health: -9/81      AC: 12    Str:  7    XL:     13   Next: 13%
Gold:   739        EV: 14    Int: 21    God:
                   SH:  0    Dex: 15

rFire   + + .      SeeInvis .   k - +4 dagger
rCold   x . .      Faith    .   (no shield)
rNeg    . . .      Spirit   .   X - +0 troll leather armour
rPois   ∞          Reflect  .   g - +0 helmet
rElec   .          Harm     .   Z - +0 cloak
rCorr   .          Rampage  .   N - +0 pair of gloves
Will    ++...                   (boots unavailable)
Stlth   +++.......              b - amulet of the acrobat
HPRegen 1.03/turn               u - ring of willpower
MPRegen 0.00/turn               P - +4 ring of protection

@: wereblooded, flying
A: sickness immunity, fire resistance 2, cold vulnerability 1, float, innate
caster, HP casting, extra vitality 1
a: no special abilities


You were on level 12 of the Dungeon.
You visited 3 branches of the dungeon, and saw 15 of its levels.
You also visited: Sewer.

You collected 799 gold pieces.
You spent 60 gold pieces at shops.

Inventory:

Hand Weapons
 h - a +0 whip of venom
 k - a +4 dagger (weapon)
 o - a +4 quarterstaff of chaos
 V - a +2 war axe of flaming
Missiles
 c - 66 sling bullets
 i - 356 stones
 H - 12 boomerangs
 K - 4 throwing nets
Armour
 g - a +0 helmet (worn)
 I - +0 steam dragon scales
 N - a +0 pair of gloves (worn)
 T - a scarf of resistance
 U - +0 acid dragon scales
 X - a +0 troll leather armour (worn)
 Z - a +0 cloak (worn)
Magical Staves
 f - a staff of cold
Jewellery
 b - an amulet of the acrobat (around neck)
 l - a ring of protection from fire
 u - a ring of willpower (left hand)
 P - a +4 ring of protection (right hand)
Wands
 F - a wand of iceblast (20)
 L - a wand of charming (10)
 Q - a wand of mindburst (2)
 S - a wand of digging (6)
 W - a wand of paralysis (4)
 Y - a wand of polymorph (5)
Scrolls
 a - a scroll of acquirement {unknown}
 j - a scroll of magic mapping
 m - 7 scrolls of teleportation
 n - a scroll of torment {unknown}
 q - 2 scrolls of amnesia {unknown}
 w - a scroll of fog
 y - a scroll of holy word {unknown}
 B - a scroll of fear {unknown}
 J - a scroll of blinking {unknown}
 O - a scroll of silence {unknown}
 R - 2 scrolls of vulnerability {unknown}
Potions
 d - 8 potions of lignification
 e - 7 potions of curing
 p - 3 potions of cancellation
 s - a potion of haste {unknown}
 t - 3 potions of berserk rage
 v - 4 potions of heal wounds
 x - 2 potions of mutation
 A - 2 potions of ambrosia {unknown}
 C - 2 potions of flight {unknown}
 E - a potion of invisibility {unknown}
 G - 2 potions of magic {unknown}
 M - a potion of attraction {unknown}
Miscellaneous
 D - a phial of floods


   Skills:
 + Level 3.3 Fighting
 + Level 2.9 Short Blades
 + Level 4.8 Armour
 + Level 6.1 Dodging
 + Level 5.0 Stealth
 + Level 14.4 Spellcasting


You had 10 spell levels left.
You knew the following spells:

 Your Spells              Type           Power      Damage    Failure   Level
a - Freeze                Ice            100%       1d11      0%          1
b - Frozen Ramparts       Ice            100%       1d12      1%          3
c - Ozocubu's Armour      Ice            66%        N/A       1%          3
d - Hailstorm             Conj/Ice       66%        3d14      1%          4
e - Sandblast             Erth           100%       2d20      0%          1
f - Wereblood             Tmut           66%        N/A       1%          2
g - Stone Arrow           Conj/Erth      100%       3d13      1%          3
h - Mephitic Cloud        Conj/Pois/Air  66%        N/A       1%          3
i - Silence               Hex/Air        33%        N/A       1%          5
j - Alistair's Intoxicat  Tmut/Pois      44%        N/A       1%          5
Your spell library was empty.

Dungeon Overview and Level Annotations

Branches:
Dungeon (13/15)            Temple (1/1) D:7            Lair (1/6) D:10
    Orc (0/2) D:12          Sewer (visited)
 Vaults: D:13-14

Altars:
Ashenzari
Cheibriados
Dithmenos
Elyvilon
Fedhas
Gozag
Hepliaklqana
Kikubaaqudgha
Makhleb
Nemelex Xobeh
Okawaru
Qazlal
Ru
Sif Muna
Trog
Uskayaw
Vehumet
Wu Jian
Xom
Yredelemnul
Zin
The Shining One

Shops:
D:2 [   D:3 ?   D:9 :

Annotations:
D:4 2 transporters
D:9 3 runed translucent doors
D:10 1 runed translucent door, Nergalle
Lair:1 Erolcha


Innate Abilities, Weirdness & Mutations

You are immune to sickness and miasma.
You are immune to poison.
Your flesh is very heat resistant. (rF++)
You are vulnerable to cold. (rC-)
You float through the air rather than walking.
You learn spells naturally, not from books.
Your magical power is your life essence.
You have superior vitality. (+4 MHP)


Message History

The vault guard hits you with a +0 battleaxe!
The wall freezes something but does no damage.
The shadow strikes at you from the darkness!
Reactivating autopickup.
You hit the shadow.
The shadow is lightly damaged.
The wall freezes the vault guard!
The vault guard hits you but does no damage.
The shadow completely resists.
The wall freezes the shadow but does no damage.
The shadow barely misses you.
You hit the shadow.
The shadow is moderately damaged.
The wall freezes the vault guard!
The vault guard hits you with a +0 battleaxe!
The shadow completely resists.
The wall freezes the shadow but does no damage.
The shadow hits you.
You barely miss the shadow.
The shadow is moderately damaged.
The wall freezes the vault guard.
The vault guard hits you with a +0 battleaxe!!
* * * LOW HITPOINT WARNING * * *
The shadow completely resists.
The wall freezes the shadow but does no damage.
The shadow hits you.
Your icy armour and frozen ramparts will break if you move.
Continue?
The wall freezes the vault guard.
The vault guard hits you with a +0 battleaxe!
* * * LOW HITPOINT WARNING * * *
The shadow completely resists.
The wall freezes the shadow but does no damage.
The shadow closely misses you.
The frozen ramparts melt away.
You fly upwards.
Your icy armour cracks and falls away as you move.
There is a stone staircase leading down here.
As you read the scroll of fog, it crumbles to dust.
The scroll dissolves into smoke.
The vault guard hits you with a +0 battleaxe!
You die...

:.......####...........#####.####
.#.....#.............#..........#
##....##..........#.#########....
##..##...............######....##
#......#######...##.........##.#
#.(...####.........<##......##.#
#...............§§..........##.##
#..............§§§.###########...
#..............p@W§########......
#..............§§§...............
#.....##############.######......
#.....# #......####... ......#
######........ ####### ######...
####


You could see a vault guard and a shadow.

Vanquished Creatures
  Snorg (D:11)
  A vault guard (D:10)
  A hydra (D:9)
  A centaur warrior (D:13)
  5 two-headed ogres
  4 deep elf pyromancers (D:12)
  3 cyclopes (D:12)
  A manticore (D:10)
  Joseph (D:8)
  4 gargoyles
  Maggie (D:10)
  2 komodo dragons (D:10)
  A hornet (D:10)
  3 meliai (D:13)
  4 trolls
  A shadow (D:10)
  2 wraiths (D:12)
  A vampire (D:11)
  A wyvern (D:7)
  A yak (D:10)
  A basilisk (D:12)
  7 vampire mosquitoes
  2 steam dragons (D:7)
  An acid dragon (D:10)
  6 orc warriors
  3 black bears
  3 ice beasts
  4 necrophages
  6 ogres
  A sky beast (D:8)
  A phantom (D:5)
  6 centaurs
  4 kobold brigands
  4 gnoll sergeants
  5 bullfrogs
  A wyvern zombie (D:9)
  4 scorpions
  A water moccasin zombie (D:5)
  A wyvern skeleton (D:6)
  2 water moccasin skeletons (D:5)
  5 killer bees (D:9)
  6 centaur zombies
  A howler monkey (D:12)
  A bullfrog zombie (D:4)
  A bullfrog skeleton (D:6)
  5 hounds
  2 orc priests
  A gnoll shaman (D:5)
  Crazy Yiuf (D:2)
  2 jellies (D:5)
  2 scorpion zombies (D:5)
  Terence (D:2)
  4 iguanas
  6 orc wizards
  2 killer bee zombies (D:8)
  A hound zombie (D:5)
  Robin (D:2)
  3 howler monkey zombies
  8 gnolls
  9 river rats
  7 adders
  A shadow imp (D:7)
  A white imp (D:8)
  An ufetubus (D:5)
  2 worms
  A dart slug (D:5)
  31 orcs
  4 ball pythons
  3 bats
  9 endoplasms
  6 giant cockroaches
  16 goblins
  6 hobgoblins
  8 jackals
  2 quokkas
  8 frilled lizards
  16 kobolds
  12 rats
298 creatures vanquished.

Vanquished Creatures (others)
  2 humans (D:13)
  10 fungi
  7 plants (D:10)
19 creatures vanquished.

Grand Total: 317 creatures vanquished

Notes
Turn   | Place    | Note
-------+----------+-------------------------------------------
     0 | D:1      | 101zpm the Djinni Ice Elementalist began the quest for the
                  | Orb.
     0 | D:1      | Reached XP level 1. HP: 15/15 MP: 0/0
    67 | D:1      | Found a faded altar of an unknown god.
   176 | D:1      | Reached XP level 2. HP: 17/21 MP: 0/0
  1101 | D:1      | Reached XP level 3. HP: 24/25 MP: 0/0
  1101 | D:1      | Learned a level 1 spell: Sandblast
  1773 | D:2      | Noticed Robin
  1776 | D:2      | Killed Robin
  1777 | D:2      | Reached skill level 4 in Spellcasting
  2021 | D:2      | Found a sacrificial altar of Ru.
  2068 | D:2      | Found Ullawn's Antique Armour Shoppe.
  2135 | D:2      | Reached XP level 4. HP: 28/31 MP: 0/0
  2402 | D:2      | Noticed Terence
  2406 | D:2      | Killed Terence
  2922 | D:2      | Found a runed translucent door.
  2923 | D:2      | Noticed Crazy Yiuf
  3161 | D:3      | Found Cupa Cue's Magic Scroll Boutique.
  3184 | D:3      | Bought a scroll of magic mapping for 38 gold pieces
  3184 | D:3      | Bought a scroll of identify for 22 gold pieces
  3444 | D:3      | Reached XP level 5. HP: 26/35 MP: 0/0
  3444 | D:3      | Learned a level 2 spell: Wereblood
  3895 | D:4      | Found a transporter.
  3909 | D:4      | Reached skill level 1 in Armour
  3912 | D:4      | Reached skill level 1 in Short Blades
  3912 | D:4      | Reached XP level 6. HP: 9/41 MP: 0/0
  4144 | D:4      | Found a glowing drain.
  4153 | Sewer    | Entered a sewer
  5969 | D:4      | Reached skill level 5 in Spellcasting
  6122 | D:4      | Reached XP level 7. HP: 41/46 MP: 0/0
  6122 | D:4      | Learned a level 3 spell: Stone Arrow
  6158 | D:4      | Found a transporter.
  6423 | D:5      | Entered Level 5 of the Dungeon
  7113 | D:5      | Reached skill level 1 in Fighting
  7691 | D:5      | Reached XP level 8. HP: 19/52 MP: 0/0
  8415 | D:5      | Reached skill level 6 in Spellcasting
  9242 | D:5      | Reached skill level 7 in Spellcasting
  9305 | D:5      | Reached XP level 9. HP: 42/57 MP: 0/0
  9305 | D:5      | Learned a level 3 spell: Mephitic Cloud
 10201 | D:5      | Reached skill level 8 in Spellcasting
 10237 | D:5      | Noticed a two-headed ogre
 10241 | D:5      | Killed a two-headed ogre
 11067 | D:6      | Reached skill level 9 in Spellcasting
 11519 | D:6      | Reached XP level 10. HP: 51/63 MP: 0/0
 13401 | D:8      | Reached skill level 10 in Spellcasting
 14278 | D:8      | Noticed Joseph
 14318 | D:8      | Killed Joseph
 15419 | D:7      | Found a staircase to the Ecumenical Temple.
 15882 | Temple   | Entered the Ecumenical Temple
 16907 | D:10     | Entered Level 10 of the Dungeon
 17262 | D:10     | Found a runed translucent door.
 17272 | D:10     | Noticed a gargoyle
 17277 | D:10     | Killed a gargoyle
 17570 | D:10     | Noticed Erolcha
 17570 | D:10     | Noticed a komodo dragon
 18267 | D:9      | Reached skill level 11 in Spellcasting
 18267 | D:9      | Reached XP level 11. HP: 46/67 MP: 0/0
 18267 | D:9      | Learned a level 5 spell: Silence
 18416 | D:9      | Found Oteteymao's Self-Improvement Boutique.
 18926 | D:9      | Found a sacrificial altar of Ru.
 18934 | D:9      | Noticed a two-headed ogre
 18942 | D:9      | Killed a two-headed ogre
 19071 | D:9      | Found a runed translucent gate.
 19071 | D:9      | Found a runed translucent gate.
 19071 | D:9      | Found a runed translucent gate.
 19071 | D:9      | Noticed a red ugly thing
 19072 | D:9      | Noticed a red ugly thing
 19072 | D:9      | Noticed a cyan ugly thing
 19072 | D:9      | Noticed a cyan ugly thing
 19073 | D:9      | Noticed a two-headed ogre
 20221 | D:10     | Noticed Maggie
 20535 | D:10     | Killed Maggie
 20930 | D:10     | Noticed a manticore
 20934 | D:10     | Killed a manticore
 21761 | D:11     | Reached skill level 12 in Spellcasting
 22242 | D:11     | Noticed a two-headed ogre
 22251 | D:11     | Killed a two-headed ogre
 22458 | D:11     | Noticed Snorg
 22486 | D:11     | Noticed a two-headed ogre
 22537 | D:11     | Killed a two-headed ogre
 22580 | D:11     | Found an ornate altar of the Wu Jian Council.
 22938 | D:10     | Noticed Nergalle
 22958 | D:10     | Noticed a spectral orc warlord
 23035 | D:12     | Reached XP level 12. HP: 63/75 MP: 0/0
 23188 | D:12     | Reached skill level 13 in Spellcasting
 23295 | D:12     | Noticed a four-headed hydra
 24117 | D:2      | Killed Crazy Yiuf
 24618 | D:10     | Found a staircase to the Lair.
 24685 | Lair:1   | Entered Level 1 of the Lair of Beasts
 25072 | D:9      | Killed a four-headed hydra
 25218 | D:10     | Reached skill level 5 in Dodging
 25635 | D:11     | Killed Snorg
 25690 | Lair:1   | Noticed a seven-headed hydra
 25973 | D:12     | Reached skill level 5 in Stealth
 26062 | D:12     | Noticed a five-headed hydra
 26366 | D:13     | Noticed a centaur warrior
 26376 | D:13     | Killed a centaur warrior
 26579 | D:13     | Noticed a vault guard
 26579 | D:13     | Noticed a vault guard
 26581 | D:13     | Noticed a vault guard
 26619 | D:12     | HP: 3/76 [vault guard/+0 battleaxe (19)]
 26879 | D:12     | Found a staircase to the Orcish Mines.
 26888 | D:12     | Reached skill level 14 in Spellcasting
 27329 | D:13     | Noticed a two-headed ogre
 27338 | D:13     | Killed a two-headed ogre
 27339 | D:13     | Reached XP level 13. HP: 35/81 MP: 0/0
 27339 | D:13     | Learned a level 5 spell: Alistair's Intoxication
 27552 | D:10     | Killed a vault guard
 28209 | D:13     | HP: 2/81 [vault guard/+0 battleaxe (7)]
 28211 | D:12     | Mangled by a vault guard

Illustrated notes

Levels and vault maps discovered:
D:1:      wheals_arrival_linesprint, layout_basic,
          shapermc_ecumenical_altar_mp_urbaneastern
D:2:      layout_loops_ring, basic_altar, serial_shops, shop, uniq_robin,
          uniq_terence, uniq_crazy_yiuf_cottage
D:3:      layout_basic, serial_shops, shop, hangedman_decor_diamond_cutter,
          moated_statue
D:4:      gammafunk_steamed_eel, layout_rooms, portal_sewer_entry_a
D:5:      kennysheep_windowed_halls, layout_loops_cross,
          chequers_serial_rivers_micro_a
D:6:      layout_cave_pods
D:7:      layout_rooms, minmay_temple_entry_slanted, enter_bailey_3
D:8:      layout_rooms, hellmonk_bongcloud_opening, uniq_joseph
D:9:      layout_irregular_city, mainiacjoe_overflow_concentric_impassable,
          ploomutoo_gammafunk_ghost_potion_laboratory, nicolae_shop_self_help
D:10:     gammafunk_indiana_jones, layout_irregular_city,
          grunt_lair_entry_orc_guard_hut, uniq_erolcha, uniq_maggie,
          uniq_nergalle
D:11:     layout_stronghold, nzn_wu_jian_council_hall, uniq_snorg
D:12:     layout_rooms, kennysheep_orc_monster_closet_entryway, special_room
          [special_room_orc]
D:13:     thingy_vault, layout_rooms, ximxim_vaults_locker_room,
          kennysheep_generic_room_7
Temple:   mainiacjoe_temple_circle_huts
Lair:1:   layout_chaotic_city, grunt_megastairs_4, infiniplex_staircase_pool_2

Skill      XL: |  1  2  3  4  5  6  7  8  9 10 11 12 |
---------------+-------------------------------------+-----
Spellcasting   | 4 5 7 9 11 12 14 | 14.4
Stealth        | 2 3 4 5 |  5.0
Armour         | 1 2 3 4 |  4.8
Short Blades   | 1 2 |  2.9
Dodging        | 3 4 6 |  6.1
Fighting       | 1 2 3 |  3.3

Action                   |  1- 3 |  4- 6 |  7- 9 | 10-12 | 13-15 || total
-------------------------+-------+-------+-------+-------+-------++-------
Melee: Unarmed           |     2 |       |       |       |       ||     2
       Dagger            |     2 |    70 |    19 |   115 |     7 ||   213
       Punch             |       |     3 |       |     2 |       ||     5
 Cast: Freeze            |    25 |     8 |       |    10 |     1 ||    44
       Frozen Ramparts   |     7 |    30 |    34 |    78 |     4 ||   153
       Sandblast         |     1 |     4 |       |       |       ||     5
       Ozocubu's Armour  |       |     3 |    10 |    47 |     2 ||    62
       Wereblood         |       |     3 |     3 |    23 |     2 ||    31
       Stone Arrow       |       |       |    72 |   221 |     5 ||   298
       Mephitic Cloud    |       |       |     1 |    19 |       ||    20
       Hailstorm         |       |       |       |    13 |       ||    13
       Silence           |       |       |       |     5 |       ||     5
       Alistair's Intoxi |       |       |       |       |     3 ||     3
  Use: Scroll            |       |     1 |     2 |     9 |     1 ||    13
       Potion            |       |       |       |     1 |       ||     1
 Stab: Sleeping          |       |     3 |       |       |       ||     3
Armor: Robe              |     2 |       |       |       |       ||     2
       Leather armour    |     1 |    20 |    17 |       |       ||    38
       Steam dragon scal |       |       |       |    56 |       ||    56
       Troll leather arm |       |       |       |    52 |     5 ||    57
Dodge: Dodged            |    11 |    66 |    39 |   216 |     8 ||   340
